 Dungeon Crawl Stone Soup version 0.25-a0-35-g747a2b3c0c (webtiles) character file.

Game seed: 5942876832421519974, levelgen mode: deterministic

1692 Arixos the Slasher (level 9, -7/55 HPs)
             Began as a Tengu Abyssal Knight on Oct 18, 2019.
             Was an Elder of Lugonu.
             Mangled by an orc warrior
             ... wielding a +0 trident
              (13 damage)
             ... on level 8 of the Dungeon.
             The game lasted 00:26:36 (7112 turns).

Arixos the Slasher (Tengu Abyssal Knight)           Turns: 7112, Time: 00:26:36

Health: -7/55      AC:  7    Str: 13    XL:     9   Next: 2%
Magic:  13/13      EV: 18    Int: 13    God:    Lugonu [****..]
Gold:   463        SH:  0    Dex: 16    Spells: 8/8 levels left

rFire    . . .     SeeInvis .   B - +3 long sword
rCold    + . .     Gourm    .   (no shield)
rNeg     + . .     Faith    .   g - +2 leather armour {rC+}
rPois    .         Spirit   .   (helmet restricted)
rElec    .         Reflect  .   G - +0 cloak
rCorr    .         Harm     .   (no gloves)
MR       +....                  (boots unavailable)
Stlth    +.........             (no amulet)
HPRegen  0.18/turn              p - ring of protection from magic
MPRegen  0.13/turn              q - ring of positive energy

@: flying quickly and evasively, quick
A: beak, talons 3, able to fly
a: Stop Flying, Depart the Abyss, Bend Space, Banish, Corrupt, Renounce Religion


You were on level 8 of the Dungeon.
You worshipped Lugonu.
Lugonu was greatly pleased with you.
You were not hungry.

You visited 2 branches of the dungeon, and saw 9 of its levels.
You visited the Abyss 1 time.
You also visited: Sewer.

You collected 463 gold pieces.

Inventory:

Hand Weapons
 B - a +3 long sword (weapon)
Armour
 g - a +2 leather armour of cold resistance (worn)
 G - a +0 cloak (worn)
Jewellery
 p - a ring of protection from magic (left hand)
 q - a ring of positive energy (right hand)
Wands
 d - a wand of enslavement (4)
 e - a wand of paralysis (7)
 y - a wand of scattershot (6)
 C - a wand of flame (12)
 E - a wand of digging (5)
Scrolls
 b - a scroll of noise {unknown}
 h - a scroll of fog
 j - 4 scrolls of teleportation
 k - 6 scrolls of amnesia
 m - 4 scrolls of blinking
 o - 6 scrolls of identify
 s - 2 scrolls of immolation {unknown}
 t - a scroll of magic mapping {unknown}
 u - a scroll of remove curse
 x - a scroll of holy word {unknown}
 A - 2 scrolls of enchant armour {unknown}
Potions
 a - 4 potions of flight {unknown}
 f - a potion of might {unknown}
 i - 5 potions of haste {unknown}
 l - a potion of brilliance {unknown}
 n - 7 potions of curing
 r - a potion of lignification {unknown}
 v - 2 potions of agility {unknown}
 w - a potion of heal wounds {unknown}
 z - 2 potions of invisibility {unknown}
 D - a potion of cancellation {unknown}
Comestibles
 c - 11 rations


   Skills:
 + Level 5.8 Fighting
 + Level 5.9 Long Blades
 + Level 5.7 Armour
 + Level 5.5 Dodging
 + Level 4.7 Invocations


You had 8 spell levels left.
You didn't know any spells.
Your spell library was empty.

Dungeon Overview and Level Annotations

Branches:
Dungeon (8/15)             Temple (1/1) D:4           Sewer (visited)
   Lair: D:8-11

Altars:
Ashenzari
Cheibriados
Elyvilon
Fedhas
Gozag
Hepliaklqana
Kikubaaqudgha
Makhleb
Nemelex Xobeh
Okawaru
Qazlal
Ru
Trog
Wu Jian
Xom
Yredelemnul
Zin
The Shining One
Jiyva

Shops:
D:4 (


Innate Abilities, Weirdness & Mutations

You have a beak for a mouth.
You have claws for feet.
You can fly continuously.


Message History

You closely miss the orc.
The orc is heavily wounded.
The orc misses you.
The orc warrior hits you from afar with a +0 trident!
* * * LOW HITPOINT WARNING * * *
You closely miss the orc.
The orc is heavily wounded.
The orc misses you. The orc warrior barely misses you.
You hit the orc.
You kill the orc!
Lugonu accepts your kill.
The orc warrior hits you from afar with a +0 trident.
* * * LOW HITPOINT WARNING * * *
The centaur zombie hits you but does no damage.
You hit the centaur zombie. You claw the centaur zombie.
You peck the centaur zombie.
The centaur zombie is moderately damaged.
The centaur zombie closely misses you.
The orc warrior hits you from afar with a +0 trident!
You die...

. .. .#. .#.
.... .. .o.. #.
..... #.## ....#
#..# ....o(
#.@###.....o
##.#Z........
#....o..###.
............#
.#..............
.........##.....
..#........
.....
..#........ ....
........## ...


You could see an orc warrior and a centaur zombie.

Vanquished Creatures
  2 ice beasts
  A sky beast (D:7)
  A phantom (D:4)
  2 ogres
  2 centaurs
  A big kobold (Sewer)
  4 wights (D:6)
  2 crimson imps
  2 hounds (D:6)
  2 jellies
  A bullfrog skeleton (D:4)
  Terence (D:2)
  An iguana (D:7)
  5 orc wizards
  4 worker ants
  A hound skeleton (D:5)
  Robin (D:2)
  A worker ant zombie (D:6)
  3 river rats (Sewer)
  9 adders
  A shadow imp (D:5)
  2 worms
  A dart slug (D:2)
  3 leopard geckos
  23 orcs
  5 giant cockroaches
  14 hobgoblins
  5 jackals
  A quokka (D:3)
  4 ball pythons
  5 bats
  7 frilled lizards
  14 goblins
  A jackal skeleton (D:5)
  17 kobolds
  13 rats
162 creatures vanquished.

Notes
Turn   | Place    | Note
-------+----------+-------------------------------------------
     0 | Abyss:1  | Arixos the Tengu Abyssal Knight began the quest for the
                  | Orb.
     0 | Abyss:1  | Reached XP level 1. HP: 14/14 MP: 3/3
    35 | Abyss:2  | Noticed an efreet
    60 | Abyss:2  | Noticed a spatial vortex
    64 | Abyss:2  | Noticed a spatial vortex
    65 | Abyss:2  | Noticed a small abomination
    66 | Abyss:2  | Noticed a spatial vortex
    66 | Abyss:2  | Noticed a spatial vortex
    68 | Abyss:2  | Noticed a spatial vortex
    68 | Abyss:2  | Noticed a spatial vortex
    68 | Abyss:2  | Noticed a spatial vortex
    81 | Abyss:3  | Noticed a vampire mage
    86 | Abyss:3  | Noticed a phantasmal warrior
    93 | D:1      | Escaped the Abyss
   182 | D:1      | Reached XP level 2. HP: 16/19 MP: 4/4
   280 | D:1      | Reached * piety under Lugonu
   659 | D:1      | Reached XP level 3. HP: 23/23 MP: 5/5
   819 | D:2      | Found a blossoming altar of Fedhas.
   819 | D:2      | Noticed Terence
   841 | D:2      | Killed Terence
  1025 | D:2      | Reached XP level 4. HP: 16/28 MP: 6/6
  1150 | D:2      | Found a shattered altar of Ashenzari.
  1206 | D:2      | Noticed Robin
  1216 | D:2      | Killed Robin
  1220 | D:2      | Reached ** piety under Lugonu
  1859 | D:3      | Gained mutation: You can fly continuously. [Tengu growth]
  1859 | D:3      | Reached XP level 5. HP: 32/32 MP: 7/7
  1971 | D:3      | Found a sacrificial altar of Ru.
  2071 | D:3      | Found a basalt altar of Yredelemnul.
  2238 | D:3      | Found a white marble altar of Elyvilon.
  2480 | D:4      | Found a staircase to the Ecumenical Temple.
  2480 | D:4      | Found a glowing drain.
  2500 | Sewer    | Entered a sewer
  2504 | Sewer    | Reached *** piety under Lugonu
  2575 | Sewer    | Noticed a big kobold
  2595 | Sewer    | Killed a big kobold
  2595 | Sewer    | Reached XP level 6. HP: 22/38 MP: 7/9
  2617 | Sewer    | Found a white marble altar of Elyvilon.
  2680 | Temple   | Entered the Ecumenical Temple
  3108 | D:4      | Found a stormy altar of Qazlal.
  3322 | D:4      | Found Neggim's Antique Weapon Shop.
  3438 | D:4      | Noticed a phantom
  3790 | D:4      | Found a glowing silver altar of Zin.
  3829 | D:4      | Killed a phantom
  3829 | D:4      | Reached XP level 7. HP: 25/44 MP: 10/10
  4149 | D:5      | Entered Level 5 of the Dungeon
  4514 | D:5      | Reached **** piety under Lugonu
  4830 | D:5      | Reached XP level 8. HP: 20/48 MP: 11/11
  5174 | D:5      | Reached skill level 5 in Fighting
  5432 | D:5      | Reached skill level 5 in Long Blades
  5545 | D:6      | Found a snail-covered altar of Cheibriados.
  5672 | D:6      | Found a shimmering altar of Xom.
  5714 | D:6      | Found a hazy altar of Hepliaklqana.
  5730 | D:6      | Reached skill level 5 in Armour
  5988 | D:6      | Reached skill level 5 in Dodging
  6752 | D:7      | Got a twisted quarterstaff
  6757 | D:7      | Identified the +4 quarterstaff of War {freeze, rC+ Str+4
                  | Int+2} (You found it on level 7 of the Dungeon)
  6914 | D:7      | Reached XP level 9. HP: 34/55 MP: 13/13
  7112 | D:8      | Mangled by an orc warrior

Levels and vault maps discovered:
D:1:      eino_arrival_water_star, layout_basic
D:2:      layout_loops_ring, ashenzari_altar_1, fedhas_ov_isle_minmay,
          uniq_terence, uniq_robin
D:3:      layout_basic, kennysheep_ying_yang, nicolae_ru_sacrificial_ziggurat,
          first_ration
D:4:      layout_basic, zin_treasury, minmay_temple_entry_wispy,
          portal_sewer_entry_a, serial_shops, nicolae_shop_statue_plus,
          nicolae_qazlal_general_emergency
D:5:      layout_cave_pods
D:6:      layout_loops_ring, nicolae_overflow_crystal_walls,
          kennysheep_little_box, tgw_xom
D:7:      layout_cave_pools, kennysheep_generic_room_12
D:8:      layout_cave_pools, kennysheep_mini_moat, uniq_grum
Temple:   pf_slime_end_temple

Skill      XL: |  1  2  3  4  5  6  7  8 |
---------------+-------------------------+-----
Invocations    | 2 3 4 |  4.7
Dodging        | 2 3 4 5 |  5.5
Long Blades    | 3 4 5 |  5.9
Armour         | 3 4 5 |  5.7
Fighting       | 4 5 |  5.8

Action                   |  1- 3 |  4- 6 |  7- 9 || total
-------------------------+-------+-------+-------++-------
Melee: Falchion          |    60 |    70 |       ||   130
       Kick              |    11 |    42 |    65 ||   118
       Peck              |     7 |    30 |    41 ||    78
       Scimitar          |       |   102 |   144 ||   246
       Long sword        |       |       |    39 ||    39
Invok: Depart the Abyss  |     1 |       |       ||     1
       Bend Space        |       |     2 |       ||     2
 Abil: Fly               |       |     1 |       ||     1
  Use: Scroll            |       |     4 |     4 ||     8
 Stab: Sleeping          |       |     1 |     1 ||     2
  Eat: Chunk             |       |     8 |     8 ||    16
       Ration            |       |       |     1 ||     1
Armor: Leather armour    |    17 |    36 |    39 ||    92
Dodge: Dodged            |    32 |   138 |   168 ||   338
       Rpst.: Falchion   |     7 |    13 |       ||    20
       Scimitar          |       |    33 |    39 ||    72
       Long sword        |       |       |     7 ||     7

Table legend:
 A = Non-vault XP
 B = Vault XP
 C = Vault XP percentage of total XP
 D = Non-vault monster count
 E = Vault monster count
 F = Vault count percentage of total count
                 A         B        C        D         E       F
            +---------+---------+-------+---------+---------+-------
      Total |    2059 |     359 |  14.8 |     132 |      30 |  18.5
            +---------+---------+-------+---------+---------+-------
        D:1 |      34 |       0 |   0.0 |      23 |       0 |   0.0
        D:2 |      37 |      73 |  66.4 |      18 |      13 |  41.9
        D:3 |      52 |       0 |   0.0 |      23 |       0 |   0.0
        D:4 |     407 |       6 |   1.5 |      14 |       4 |  22.2
        D:5 |     642 |       0 |   0.0 |      30 |       0 |   0.0
        D:6 |     691 |       6 |   0.9 |      19 |       2 |   9.5
        D:7 |     158 |     129 |  44.9 |       3 |       1 |  25.0
        D:8 |      38 |       0 |   0.0 |       2 |       0 |   0.0
      Sewer |       0 |     145 | 100.0 |       0 |      10 | 100.0
            +---------+---------+-------+---------+---------+-------
